AoeStats
← Urahara

Arena

508772125Analyzed
3v3 RM · 10d ago on Sep 24, 2026· 51m 21s· 6 players
Game mode
Random Map
Map size
Normal (6 player)
Population
200
Speed
Normal
Resources
Standard
Victory
Conquest
Starting age
Dark Age
Ending age
Imperial Age
RankedLock teamsTeams togetherTeam positionsShared explorationLock speedFull tech treeHidden civsTurbo modeCheats
Victory
Defeat
🇵🇪 Japanese · Peru
1366
+13
🇲🇽 Ethiopians · Mexico
1233
+18
🇨🇦 Goths · Canada
1230
+18
🇨🇴 Bohemians · Colombia
1347
-20
🇨🇴 Celts · Colombia
1260
-15
🇨🇴 Danes · Colombia
1239
-14
Logan
11:17 Feudal Age
13:12 Wheelbarrow
13:58 Double-Bit Axe
16:31 Castle Age
14:21 Horse Collar
Mhao
11:13 Feudal Age
13:28 Double-Bit Axe
16:03 Castle Age
14:08 Horse Collar
14:41 Stone Mining
14:41 Gold Mining
15:04 Gold Mining
15:18 Loom
18:00 Bow Saw
17:52 Heavy Plow
19:11 Wheelbarrow
19:27 Gold Shaft Mining
19:27 Stone Shaft Mining
26:30 Town Watch
30:58 Scale Mail Armor
33:00 Wheelbarrow
36:26 Hand Cart
37:39 Town Patrol
37:22 Crossbowman
38:29 Fortified Wall
38:39 Ballistics
44:44 Fletching
44:55 Padded Archer Armor
Urahara
10:56 Feudal Age
14:48 Castle Age
12:55 Double-Bit Axe
13:36 Stone Mining
14:06 Gold Mining
21:48 Forging
24:37 Wheelbarrow
32:57 Loom
36:34 Scale Mail Armor
38:26 Chain Mail Armor
38:57 Horse Collar
39:29 Bow Saw
46:17 Imperial Age
44:43 Hand Cart
ap2wang
0:27 Loom
9:45 Feudal Age
13:59 Castle Age
12:18 Double-Bit Axe
16:37 Wheelbarrow
16:24 Bow Saw
20:55 Horse Collar
22:35 Heavy Plow
29:20 Imperial Age
28:27 Man-at-Arms
28:29 Pikeman
29:11 Scale Mail Armor
29:21 Forging
29:13 Squires
29:05 Long Swordsman
30:15 Perfusion
31:05 Chain Mail Armor
31:25 Iron Casting
30:19 Two-Handed Swordsman
31:07 Champion
32:04 Halberdier
37:56 Blast Furnace
48:21 Spies/Treason
SenorLeyenda561
10:19 Feudal Age
9:18 Loom
12:23 Double-Bit Axe
14:47 Castle Age
13:40 Horse Collar
17:49 Forging
17:39 Scale Mail Armor
24:25 Bow Saw
36:23 Imperial Age
34:54 Wheelbarrow
35:39 Iron Casting
35:09 Scale Barding Armor
35:32 Gold Mining
36:20 Town Watch
38:06 Chemistry
37:29 Conscription
37:00 Light Cavalry
37:42 Husbandry
38:43 Blast Furnace
38:11 Chain Barding Armor
38:55 Bow Saw
39:38 Siege Engineers
40:37 Torsion Engines
41:41 Hussar
43:43 Hand Cart
43:36 Town Patrol
tomitom
10:52 Feudal Age
14:53 Castle Age
12:56 Double-Bit Axe
12:54 Horse Collar
14:05 Scale Mail Armor
16:49 Chain Mail Armor
17:29 Loom
24:36 Forging
35:54 Imperial Age
35:37 Bow Saw
39:10 Two-Man Saw
38:44 Fletching
39:26 Bodkin Arrow
40:19 Crossbowman
41:05 Thumb Ring
44:37 Wheelbarrow
43:47 Town Watch
44:19 Arbalester
46:19 Ballistics
47:12 Chemistry
47:11 Parthian Tactics
46:53 Bracer
47:25 Onager
49:32 Siege Engineers
50:19 Heavy Scorpion
Connection lost

Rejoining the realm…

Still unreachable

The connection could not be restored.

Session expired

The server has moved on; the page needs a fresh start.